 Dungeon Sprint DCSS version 0.31-a0-1074-g0b22e4e0f1 (webtiles) character file.

Game seed: 3721633055479544241

27 tbh1313 the Cudgeller (level 3, -2/39 HPs)
             Began as an Ogre Berserker on Nov 28, 2023.
             Was a Follower of Trog.
             Slain by an ogre
             ... wielding a +0 giant club
              (21 damage)
             ... in the Dungeon (Sprint I: "Red Sonja").
             The game lasted 00:00:18 (54 turns).

tbh1313 the Cudgeller (Ogre Berserker)                Turns: 54, Time: 00:00:18

Health: -2/39      AC:  3    Str: 23    XL:     3   Next: 10%
Magic:  3/3        EV: 10    Int:  8    God:    Trog [*.....]
Gold:   0          SH:  0    Dex:  8    Spells: 2/2 levels left

rFire   . . .        a - +0 mace
rCold   . . .        (no shield)
rNeg    . . .        b - +0 animal skin
rPois   .            (helmet restricted)
rElec   .            (no cloak)
rCorr   .            (gloves unavailable)
SInv    .            (boots unavailable)
Will    .....        (no amulet)
Stlth   +            (no ring)
HPRegen 0.26/turn    (no ring)
MPRegen 0.08/turn

%: no teleportation
@: on berserk cooldown
A: large, unfitting armour, tough skin 1
a: Renounce Religion, Berserk


You were in the Dungeon.
You worshipped Trog.
Trog was aware of your devotion.
You visited 1 branch

Inventory:

Hand Weapons
 a - a +0 mace (weapon)
Armour
 b - a +0 animal skin (worn)
Wands
 i - a wand of polymorph (12)
Scrolls
 h - a scroll of blinking
Potions
 c - a potion of curing
 d - a potion of heal wounds
 e - a potion of haste
 f - 2 potions of magic
 g - a potion of berserk rage


   Skills:
 - Level 4.0 Fighting
 + Level 6.0 Maces & Flails
 - Level 2.6 Dodging


You had 2 spell levels left.
You didn't know any spells.
Your spell library was empty.

Dungeon Overview and Level Annotations

Branches:
Dungeon (1/1)

Altars:


Innate Abilities, Weirdness & Mutations

You are too large for most types of armour.
You have tough skin. (AC +1)


Message History

Your Maces & Flails skill gained 4 levels and is now at level 6!
You have reached level 2!
You have reached level 3!
Your experience leads to an increase in your attributes!
Increase (s)trength, (i)ntelligence, or (d)exterity?
You feel stronger. x3
i - a wand of polymorph (12)
Things that are here:
a +0 dagger; a +0 leather armour; the goblin corpse of Ijyb You start resting.
You feel a strong urge to attack something.
You start resting.
You feel your anger nearly subside.
You are no longer berserk.
You are exhausted.
You feel yourself slow down.
You start resting.
Your transformation is almost over.
You feel less porcine.
Your +0 mace unmelds from your body.
Your +0 animal skin unmelds from your body.
You start resting.
HP restored.
You start waiting.
You feel yourself speed up.
Things that are here:
a +0 dagger; a +0 leather armour; the goblin corpse of Ijyb As you open the door, it creaks loudly!
An ogre comes into view. It is wielding a +0 giant club.
The ogre shouts!
The ogre hits you with a +0 giant club!!
Ouch! That really hurt!
There is an open door, spattered with blood here.
You're still recovering from your berserk rage.
You sock the ogre!
The ogre is moderately wounded.
You barely miss the ogre.
The ogre is moderately wounded.
The ogre hits you with a +0 giant club!!
Ouch! That really hurt!
You die...

##########
#<.#.)@O.#
#..'..#..+
#..#####+#
#..# #..#
#..# #⌠⌠#
####


You could see an ogre.

Levels and vault maps discovered:
D:        dungeon_sprint_1 [red_sonja_temple_1, red_sonja_temple_small_1]

Notes
Turn   | Place    | Note
-------+----------+-------------------------------------------
     0 | D        | tbh1313 the Ogre Berserker began the quest for the Orb.
     0 | D        | Reached XP level 1. HP: 24/24 MP: 1/1
     2 | D        | Noticed Ijyb
    14 | D        | Killed Ijyb
    15 | D        | Reached skill level 6 in Maces & Flails
    15 | D        | Reached XP level 2. HP: 32/32 MP: 2/2
    15 | D        | Reached XP level 3. HP: 39/39 MP: 3/3
    51 | D        | Noticed an ogre
    54 | D        | Slain by an ogre

Table legend: (Time is in decaauts)
 A = Elapsed time spent in this place.
 B = Non-inter-level travel time spent in this place.
 C = Inter-level travel time spent in this place.
 D = Time resting spent in this place.
 E = Time spent auto-exploring this place.
 F = Levels seen in this place.
 G = Mean time per level.
                   A        B        C        D        E       F      G
               +--------+--------+--------+--------+--------+-----+--------+
         Total |     64 |     64 |      0 |     44 |      0 |   1 |   64.0 |
       Dungeon |     64 |     64 |      0 |     44 |      0 |   1 |   64.0 |
               +--------+--------+--------+--------+--------+-----+--------+

Top non-repeatable levels by time:
       D: 64 daAuts

Table legend:
 A = Kills in this place as a percentage of kills in the entire game.
 B = Kills by you in this place as a percentage of kills by you in the entire game.
 C = Kills by friends in this place as a percentage of kills by friends in the entire game.
 D = Other kills in this place as a percentage of other kills in the entire game.
 E = Experience gained in this place as a percentage of experience gained in the entire game.
 F = Experience gained in this place divided by the number of levels of this place that you have seen.
                   A       B       C       D       E      F
               +-------+-------+-------+-------+-------+----------------------
         Total | 100.0 | 100.0 |   N/A |   N/A | 100.0 |  39.0
       Dungeon | 100.0 | 100.0 |   N/A |   N/A | 100.0 |  39.0
               +-------+-------+-------+-------+-------+----------------------

Action                     || total
---------------------------++-------
  Melee: Mace              ||     7
         Unarmed           ||     5
 Invoke: Berserk           ||     1
 Armour: Animal skin       ||     5
         Skin              ||     1
  Dodge: Dodged            ||     4

Vanquished Creatures
  Ijyb (D)
1 creature vanquished.
